 Dungeon Crawl Stone Soup version 0.19.0-20-gbc5f0c6 (webtiles) character file.

79 Jannitor the Cudgeler (level 4, -5/45 HPs)
             Began as an Ogre Warper on Nov 17, 2016.
             Hit by a poisoned javelin thrown by a gnoll (9 damage)
             ... on level 2 of the Dungeon.
             The game lasted 00:04:40 (2129 turns).

Jannitor the Cudgeler (Ogre Warper)                 Turns: 2129, Time: 00:04:41

Health: -5/45      AC:  3    Str: 16    XL:     4   Next: 38%
Magic:  6/8        EV: 10    Int: 13    God:
Gold:   70         SH:  0    Dex:  9    Spells: 1 memorised, 7 levels left

rFire  + . .     SeeInvis .     a - +0 mace
rCold  . . .     Gourm    .     b - +0 robe
rNeg   . . .     Faith    .     (no shield)
rPois  .         Spirit   .     (helmet restricted)
rElec  .         Reflect  .     (no cloak)
rCorr  .         Harm     .     (gloves unavailable)
MR     .....                    (boots unavailable)
Stlth  +.........               (no amulet)
                                (no ring)
                                k - ring of protection from fire

@: very slightly contaminated
A: unfitting armour, tough skin 1
a: no special abilities


You were on level 2 of the Dungeon.
You were not hungry.

You visited 1 branch of the dungeon, and saw 3 of its levels.

You collected 70 gold pieces.

Inventory:

Hand Weapons
 a - a +0 mace (weapon)
Missiles
 i - a stone (quivered)
Armour
 b - a +0 robe (worn)
Jewellery
 k - a ring of protection from fire (left hand)
Scrolls
 d - a scroll of blinking
 g - a scroll of immolation {unknown}
 h - a scroll of remove curse {unknown}
 j - a scroll of identify {unknown}
Books
 c - a book of Spatial Translocations

   Spells                             Type                      Level
   a - Blink                          Translocation                2
   b - Shroud of Golubria             Charms/Translocation         2
   c - Lesser Beckoning               Translocation                3
   d - Portal Projectile              Translocation                3
   e - Teleport Other                 Translocation                3
   f - Passage of Golubria            Translocation                4
Comestibles
 f - 3 bread rations
 l - 4 fruits


   Skills:
 + Level 3.0 Fighting
 * Level 4.0 Maces & Flails
 * Level 1.8 Throwing
 - Level 2.1 Dodging
 * Level 3.1 Spellcasting
 * Level 2.5 Translocations


You had 7 spell levels left.
You knew the following spells:

 Your Spells              Type           Power        Failure   Level  Hunger
a - Shroud of Golubria    Chrm/Tloc      #.........   21%         2    ##.....


Dungeon Overview and Level Annotations

Branches:
Dungeon (3/15)

Altars:

Annotations:
D:3 Terence


Innate Abilities, Weirdness & Mutations

You are too large for most types of armour.
You have tough skin. (AC +1)


Message History

You kill the adder!
Your Maces & Flails skill increases to level 4!
The hobgoblin closely misses you. The hobgoblin hits you with a club.
* * * LOW HITPOINT WARNING * * *
You feel sick.
You are no longer poisoned.
Your shroud begins to fray at the edges.
Blink to where?
Press: ? - help, Dir - move target cursor You are very lightly contaminated with residual magic.
As you read the scroll of blinking, it crumbles to dust.
The gnoll throws a poisoned javelin.
The poisoned javelin hits you!
* * * LOW HITPOINT WARNING * * *
The gnoll throws a poisoned javelin.
The poisoned javelin closely misses you.
There is a stone staircase leading up here.
Your shroud unravels.
The gnoll throws a poisoned javelin.
The poisoned javelin hits you!
You die...

#.# #...g #.# #....
#g# ####. #.# #. #.#
#. #.# ##.
####g###########..
##.....#........#..
##.@...[...[........
#(..(...............
#......>............
#...................
#................#..
#...................
#..................รท
##................>#
##.....#...........


You could see a gnoll.

Vanquished Creatures
  3 gnolls (D:1)
  2 adders (D:2)
  A dart slug (D:1)
  4 leopard geckos
  3 bats
  A giant cockroach (D:2)
  2 goblins (D:1)
  3 hobgoblins
  4 jackals (D:1)
  A frilled lizard (D:1)
  3 kobolds (D:1)
  2 rats
29 creatures vanquished.

Notes
Turn   | Place    | Note
-------+----------+-------------------------------------------
     0 | D:1      | Jannitor the Ogre Warper began the quest for the Orb.
     0 | D:1      | Reached XP level 1. HP: 22/22 MP: 3/3
    97 | D:1      | Reached skill level 3 in Maces & Flails
   148 | D:1      | Reached XP level 2. HP: 29/29 MP: 3/5
   157 | D:1      | Learned a level 2 spell: Shroud of Golubria
  1186 | D:2      | Reached XP level 3. HP: 14/36 MP: 5/7
  1494 | D:3      | Noticed an orc warrior
  1509 | D:3      | Noticed Terence
  1871 | D:1      | Reached XP level 4. HP: 45/45 MP: 3/8
  2116 | D:2      | Reached skill level 4 in Maces & Flails
  2129 | D:2      | Hit by a poisoned javelin thrown by a gnoll

Skill      XL: |  1  2  3  4 |
---------------+-------------+-----
Maces & Flails | 3 4 |  4.0
Spellcasting   | 3 |  3.1
Fighting       | 3 |  3.0
Throwing       | |  1.8
Dodging        | |  2.1
Translocations | |  2.5

Action                   |  1- 3 |  4- 6 || total
-------------------------+-------+-------++-------
Melee: Mace              |    95 |    20 ||   115
Throw: Stone             |    20 |       ||    20
       Tomahawk          |     5 |       ||     5
 Cast: Shroud of Golubri |     1 |     3 ||     4
  Use: Potion            |     2 |       ||     2
       Scroll            |     1 |     1 ||     2
  Eat: Chunk             |     3 |     1 ||     4
Armor: Robe              |    27 |     1 ||    28
Dodge: Dodged            |    66 |    24 ||    90
